 Dungeon Crawl Stone Soup version 0.28.0 (webtiles) character file.

Game seed: 16212124911669068812

2781 HallandMoats the Skirmisher (level 9, -4/49 HPs)
             Began as a Vine Stalker Fighter on Feb 7, 2022.
             Was an Elder of Wu Jian.
             Slain by an orc warrior (13 damage)
             ... on level 7 of the Dungeon.
             The game lasted 00:07:19 (6155 turns).

HallandMoats the Skirmisher (Vine Stalker Fighter)  Turns: 6155, Time: 00:07:20

Health: -4/49      AC:  8    Str: 20    XL:     9   Next: 70%
Magic:  0/14       EV: 12    Int:  8    God:    Wu Jian [****..]
Gold:   337        SH:  5    Dex: 17    Spells: 8/8 levels left

rFire   . . .      SeeInvis .   a - +0 war axe
rCold   . . .      Faith    .   c - +0 buckler
rNeg    + . .      Spirit   +   u - +1 ring mail {rPois}
rPois   +          Reflect  .   s - +0 helmet
rElec   .          Harm     .   (no cloak)
rCorr   .          Rampage  .   (no gloves)
Will    +....                   (no boots)
Stlth   +.........              (no amulet)
HPRegen 0.96/turn               f - ring of positive energy
MPRegen 0.14/turn               (no ring)

@: no status effects
A: fangs 3, regeneration 1, magic shield, antimagic bite, no potion heal 2
a: Renounce Religion, Wall Jump, Serpent's Lash


You were on level 7 of the Dungeon.
You worshipped Wu Jian.
Wu Jian was greatly pleased with you.
You visited 1 branch of the dungeon, and saw 7 of its levels.
You also visited: Sewer.

You collected 337 gold pieces.

Inventory:

Hand Weapons
 a - a +0 war axe (weapon)
 d - a +0 scythe of venom
Armour
 c - a +0 buckler (worn)
 s - a +0 helmet (worn)
 u - a +1 ring mail of poison resistance (worn)
 x - +0 steam dragon scales
Jewellery
 f - a ring of positive energy (left hand)
Wands
 q - a wand of flame (43)
 t - a wand of digging (13)
Scrolls
 g - 2 scrolls of magic mapping {unknown}
 h - 9 scrolls of identify {unknown}
 i - 2 scrolls of blinking {unknown}
 l - 5 scrolls of teleportation {unknown}
 r - a scroll of immolation {unknown}
 v - a scroll of summoning {unknown}
 w - a scroll of enchant armour {unknown}
 y - a scroll of fog {unknown}
 z - a scroll of acquirement {unknown}
Potions
 b - a potion of flight {unknown}
 e - 2 potions of lignification {unknown}
 j - 5 potions of curing {unknown}
 k - 2 potions of heal wounds {unknown}
 m - a potion of brilliance {unknown}
 n - a potion of mutation {unknown}
 o - a potion of attraction {unknown}
 p - 2 potions of resistance {unknown}


   Skills:
 * Level 6.6 Fighting
 + Level 4.3 Axes
 + Level 4.5 Armour
 + Level 3.6 Dodging
 + Level 4.9 Shields
 * Level 6.3 Invocations


You had 8 spell levels left.
You didn't know any spells.
Your spell library contained the following spells:

 Spells                   Type           Power      Damage    Failure   Level
 Ensorcelled Hibernation  Hex/Ice        0%         N/A       80%         2
 Static Discharge         Conj/Air       0%         N/A       80%         2
 Call Canine Familiar     Summ           0%         N/A       95%         3
 Gell's Gravitas          Tloc           0%         N/A       95%         3
 Portal Projectile        Hex/Tloc       0%         N/A       95%         3
 Spider Form              Tmut/Pois      0%         N/A       95%         3
 Teleport Other           Tloc           0%         N/A       95%         3
 Anguish                  Hex/Necr       0%         N/A       100%        4
 Leda's Liquefaction      Hex/Erth       0%         N/A       100%        4
 Lightning Bolt           Conj/Air       0%         1d11      100%        5
 Dispersal                Tloc           0%         N/A       100%        6
 Maxwell's Capacitive Co  Air            0%         ∞         100%        8


Dungeon Overview and Level Annotations

Branches:
Dungeon (7/15)             Temple (0/1) D:6           Sewer (visited)

Altars:
Fedhas
Qazlal
Wu Jian

Shops:
D:7 (


Innate Abilities, Weirdness & Mutations

You have razor-sharp teeth.
Your natural rate of healing is unusually fast.
When hurt, damage is shared between your health and your magic reserves.
Your bite disrupts and absorbs the magic of your enemies.
Potions cannot restore your health.


Message History

You block the orc warrior's attack.
You spin and attack the orc warrior.
You barely miss the orc warrior.
You bite the orc warrior, but do no damage.
The orc warrior is almost dead.
The orc warrior hits you with a +0 dire flail!
You spin and attack the orc warrior.
You hit the orc warrior but do no damage.
Your bite misses the orc warrior.
The orc warrior is almost dead.
The orc warrior barely misses you.
You spin and attack the orc warrior.
You closely miss the orc warrior.
You bite the orc warrior, but do no damage.
The orc warrior is almost dead.
You block the orc warrior's attack.
You spin and attack the orc warrior.
You hit the orc warrior but do no damage.
The orc warrior is severely wounded.
The orc warrior hits you with a +0 dire flail!
You spin and attack the orc warrior.
You barely miss the orc warrior. You bite the orc warrior. You drain its power.
You feel invigorated.
The orc warrior is almost dead.
The orc warrior closely misses you.
You spin to attack the orc warrior, but your attack speed is too slow for a blow to land.
The orc warrior hits you with a +0 dire flail!!
* * * LOW HITPOINT WARNING * * *
Things that are here:
a +0 dagger; a +0 leather armour; an orc corpse You spin to attack the orc warrior, but your attack speed is too slow for a blow to land.
The orc warrior hits you with a +0 dire flail!
* * * LOW HITPOINT WARNING * * *
Things that are here:
a +1 vorpal hand axe; an orc corpse The orc warrior hits you with a +0 dire flail!
* * * LOW HITPOINT WARNING * * *
You spin and attack the orc warrior.
You hit the orc warrior but do no damage.
You bite the orc warrior, but do no damage.
The orc warrior is severely wounded.
The orc warrior hits you with a +0 dire flail!
You die...

..............#
<........####..#
#######..## ##
#.#.# ##)### ####
##..# ##..###).##
##.........#
##.@....##..#
####..o.....##.#
#......$..)..#..#
...#............#.#
. ##...........#.#
###.........#..
##........# .#
###......# ########


You could see an orc warrior.

Vanquished Creatures
  Sigmund (D:4)
  A steam dragon (D:6)
  A water moccasin (D:6)
  Pargi (Sewer)
  A black bear (D:5)
  2 ice beasts
  A sky beast (D:6)
  An ogre (D:5)
  3 centaurs
  A necrophage (D:5)
  3 phantoms
  A kobold brigand (D:7)
  A bullfrog (D:7)
  4 scorpions
  A wyvern zombie (D:7)
  A water moccasin zombie (D:4)
  A bullfrog zombie (D:7)
  5 orc priests
  3 jellies
  A bullfrog skeleton (D:6)
  An iguana (D:4)
  A centaur skeleton (D:5)
  Ijyb (D:4)
  5 orc wizards
  A scorpion zombie (D:5)
  A hound skeleton (D:5)
  Robin (D:4)
  A howler monkey zombie (D:3)
  7 adders
  2 river rats (D:4)
  A shadow imp (D:6)
  5 worms (D:4)
  5 dart slugs
  17 orcs
  10 bats
  7 endoplasms
  3 giant cockroaches
  21 goblins
  10 hobgoblins
  6 jackals
  16 kobolds
  5 quokkas
  7 ball pythons
  3 frilled lizards
  7 rats
178 creatures vanquished.

Notes
Turn   | Place    | Note
-------+----------+-------------------------------------------
     0 | D:1      | HallandMoats the Vine Stalker Fighter began the quest for
                  | the Orb.
     0 | D:1      | Reached XP level 1. HP: 11/11 MP: 2/2
   128 | D:1      | Reached XP level 2. HP: 16/16 MP: 3/3
   668 | D:1      | Reached skill level 1 in Invocations
   975 | D:1      | Reached XP level 3. HP: 20/20 MP: 4/4
  1121 | D:1      | Found a faded altar of an unknown god.
  1131 | D:1      | Prayed at the altar of an unknown god.
  1131 | D:1      | Became a worshipper of the Wu Jian Council
  1131 | D:1      | Reached * piety under Wu Jian
  1828 | D:2      | Reached ** piety under Wu Jian
  1941 | D:3      | Found a blossoming altar of Fedhas.
  1964 | D:3      | Gained mutation: Your natural rate of healing is unusually
                  | fast. [Vine Stalker growth]
  1964 | D:3      | Reached XP level 4. HP: 23/24 MP: 4/6
  2290 | D:3      | Found a stormy altar of Qazlal.
  2875 | D:4      | Noticed Sigmund
  2884 | D:4      | Killed Sigmund
  2885 | D:4      | Reached skill level 1 in Dodging
  2885 | D:4      | Reached XP level 5. HP: 25/29 MP: 7/7
  2885 | D:4      | Reached XP level 6. HP: 28/33 MP: 8/8
  3015 | D:4      | Reached XP level 7. HP: 30/37 MP: 5/10
  3222 | D:4      | Noticed Robin
  3233 | D:4      | Killed Robin
  3233 | D:4      | Reached *** piety under Wu Jian
  3325 | D:4      | Found a glowing drain.
  3329 | Sewer    | Entered a sewer
  3357 | Sewer    | Noticed Pargi
  3387 | Sewer    | Killed Pargi
  3388 | Sewer    | Gained mutation: You have razor-sharp teeth. [Vine Stalker
                  | growth]
  3388 | Sewer    | Reached XP level 8. HP: 28/42 MP: 9/12
  3495 | D:4      | Noticed Ijyb
  3501 | D:4      | Killed Ijyb
  3649 | D:4      | Reached skill level 5 in Fighting
  3938 | D:5      | Entered Level 5 of the Dungeon
  4761 | D:6      | Reached skill level 5 in Invocations
  4773 | D:6      | Found a staircase to the Ecumenical Temple.
  4873 | D:6      | Reached XP level 9. HP: 43/48 MP: 10/13
  5059 | D:6      | Reached **** piety under Wu Jian
  5668 | D:7      | Found Hatij's Weapon Boutique.
  6155 | D:7      | Slain by an orc warrior

Illustrated notes

Levels and vault maps discovered:
D:1:      evilmike_arrival_rings, layout_loops_ring,
          hellmonk_ecumenical_altar_crossroads, minivault_5
D:2:      layout_rooms, minmay_misc_feat_roman
D:3:      layout_loops_corners, grunt_temple_overflow_forces_of_nature,
          kennysheep_cluttered_room
D:4:      minmay_chambers_of_threes, layout_cave_pools,
          lightli_sewer_entry_pipes, st_stairs_10, uniq_sigmund, uniq_ijyb,
          uniq_robin
D:5:      layout_cave_pods
D:6:      layout_rooms, minmay_temple_entry_hall
D:7:      layout_cave_pods, nicolae_stop_n_shop_1

Skill      XL: |  1  2  3  4  5  6  7  8  9 |
---------------+----------------------------+-----
Invocations    | 1 2 3 4 5 6 |  6.3
Fighting       | 3 4 5 6 |  6.6
Axes           | 2 3 4 |  4.3
Armour         | 3 4 |  4.5
Dodging        | 1 2 3 |  3.6
Shields        | 3 4 |  4.9

Action                   |  1- 3 |  4- 6 |  7- 9 || total
-------------------------+-------+-------+-------++-------
Melee: War axe           |   105 |    66 |   400 ||   571
       Bite              |    13 |    13 |   121 ||   147
Invok: Lunge             |     6 |     8 |    19 ||    33
       Whirlwind         |       |       |    22 ||    22
  Use: Potion            |       |     1 |     1 ||     2
 Stab: Distracted        |       |       |     1 ||     1
Armor: Scale mail        |    34 |    28 |   106 ||   168
       Ring mail         |       |       |    85 ||    85
Dodge: Dodged            |    51 |    33 |   249 ||   333
Block: Buckler           |    17 |    11 |   150 ||   178
